 Dungeon Crawl Stone Soup version 0.28-a0-861-ge64d6db94f (webtiles) character file.

Game seed: 8015080802212543530

187 zeram the Chopper (level 5, -1/45 HPs)
             Began as a Hill Orc Fighter on Nov 15, 2021.
             Slain by Menkaure (16 damage)
             ... on level 4 of the Dungeon.
             The game lasted 00:03:46 (3403 turns).

zeram the Chopper (Hill Orc Fighter)                Turns: 3403, Time: 00:03:46

Health: -1/45      AC:  7    Str: 26    XL:     5   Next: 66%
Magic:  5/5        EV:  7    Int:  8    God:
Gold:   208        SH:  8    Dex: 10    Spells: 4/4 levels left

rFire   . . .      SeeInvis .   a - +1 war axe
rCold   . . .      Faith    .   e - +0 kite shield
rNeg    . . .      Spirit   .   b - +0 scale mail
rPois   +          Reflect  .   (no helmet)
rElec   .          Harm     .   m - scarf {shadows}
rCorr   .          Rampage  .   (no gloves)
Will    .....                   (no boots)
Stlth   ..........              (no amulet)
HPRegen 0.15/turn               i - +6 ring of strength
MPRegen 0.09/turn               j - ring of poison resistance

@: no status effects
A: no striking features
a: no special abilities


You were on level 4 of the Dungeon.
You visited 1 branch of the dungeon, and saw 4 of its levels.

You collected 208 gold pieces.

Inventory:

Hand Weapons
 a - a +1 war axe (weapon)
Armour
 b - a +0 scale mail (worn)
 c - a +1 buckler
 e - a +0 kite shield (worn)
 m - a scarf of shadows (worn)
Jewellery
 i - a +6 ring of strength (left hand)
 j - a ring of poison resistance (right hand)
 n - a ring of positive energy
Scrolls
 d - a scroll of teleportation
Potions
 f - a potion of flight {unknown}
 g - a potion of magic
 k - 2 potions of attraction {unknown}


   Skills:
 - Level 3.6 Fighting
 + Level 5.8 Axes
 + Level 4.5 Armour
 + Level 4.1 Shields


You had 4 spell levels left.
You didn't know any spells.
Your spell library contained the following spells:

 Spells                   Type           Power      Damage    Failure   Level
 Summon Small Mammal      Summ           0%         N/A       98%         1
 Static Discharge         Conj/Air       0%         N/A       99%         2
 Call Canine Familiar     Summ           0%         N/A       100%        3
 Summon Guardian Golem    Hex/Summ       0%         N/A       100%        3
 Lightning Bolt           Conj/Air       0%         1d11      100%        5
 Maxwell's Capacitive Co  Air            0%         ∞         100%        8


Dungeon Overview and Level Annotations

Branches:
Dungeon (4/15)
 Temple: D:4-7

Altars:

Shops:
D:3 *

Annotations:
D:4 Menkaure


Message History

Things that are here:
a +0 club; a +0 scale mail A hobgoblin comes into view.
The hobgoblin shouts!
A hobgoblin is nearby!
A hobgoblin is nearby!
A hobgoblin is nearby!
A hobgoblin is nearby!
You closely miss the hobgoblin.
The hobgoblin hits you but does no damage.
You slash the hobgoblin!
You kill the hobgoblin!
No target in view!
No target in view!
Done exploring.
Done exploring.
Done exploring.
Done exploring.
Done exploring.
(D) Dungeon
Where to? (Enter - D:4, ? - help)
You see here a +0 dagger.
There is a stone staircase leading down here.
You climb downwards.
There is a stone staircase leading up here.
Menkaure, Prince of Dust comes into view.
Menkaure shouts!
Menkaure is nearby!
Menkaure is nearby!
Menkaure is nearby!
Menkaure barely misses you.
You barely miss Menkaure. Menkaure casts a spell at you.
Pain shoots through your body!
You hit Menkaure but do no damage. Menkaure hits you!!
You are too injured to fight recklessly!
You are too injured to fight recklessly!
Okay, then.
You barely miss Menkaure. Menkaure hits you!
You die...

...........#
...........#
...........#
...........#
...........#
......M....# ###
......@....# . #<#
...........#.. #.#
.............. #.#
...........## #.#
#######.########.#
#..........#
############


You could see Menkaure.

Vanquished Creatures
  Robin (D:3)
  3 gnolls (D:3)
  A howler monkey skeleton (D:3)
  4 adders
  A worm (D:2)
  3 dart slugs
  2 orcs (D:3)
  6 bats
  7 endoplasms
  2 giant cockroaches
  9 hobgoblins
  9 jackals (D:1)
  3 quokkas
  7 ball pythons
  15 goblins
  4 kobolds
  6 rats
83 creatures vanquished.

Vanquished Creatures (others)
  2 plants (D:2)
2 creatures vanquished.

Grand Total: 85 creatures vanquished

Notes
Turn   | Place    | Note
-------+----------+-------------------------------------------
     0 | D:1      | zeram the Hill Orc Fighter began the quest for the Orb.
     0 | D:1      | Reached XP level 1. HP: 19/19 MP: 1/1
    35 | D:1      | Reached XP level 2. HP: 23/26 MP: 2/2
   101 | D:1      | Found a faded altar of an unknown god.
   207 | D:1      | Reached skill level 3 in Axes
   575 | D:1      | Reached XP level 3. HP: 23/31 MP: 3/3
  1439 | D:2      | Reached skill level 4 in Axes
  1824 | D:2      | Reached XP level 4. HP: 39/39 MP: 4/4
  2382 | D:3      | Reached skill level 5 in Axes
  2388 | D:3      | Reached XP level 5. HP: 20/45 MP: 5/5
  2949 | D:3      | Found Fefow's General Store.
  3016 | D:3      | Noticed Robin
  3029 | D:3      | Killed Robin
  3397 | D:4      | Noticed Menkaure
  3403 | D:4      | Slain by Menkaure

Illustrated notes

Levels and vault maps discovered:
D:1:      lemuel_arrival_broad_hall, layout_basic,
          shapermc_ecumenical_altar_flowoftime
D:2:      layout_basic, serial_forest, infiniplex_forest_lined_4_way,
          infiniplex_forest_diagonal, infiniplex_forest_straight_1,
          infiniplex_forest_lined_ring, infiniplex_forest_lined_corner,
          infiniplex_forest_straight_3, infiniplex_forest_zigzag_1,
          grunt_ministairs_1, amcnicky_mini_pool_small
D:3:      minmay_inner_zag, layout_basic, serial_shops, shop_coins,
          minmay_misc_feat_five, uniq_robin
D:4:      minmay_razor_zed, layout_basic, uniq_menkaure

Skill      XL: |  1  2  3  4 |
---------------+-------------+-----
Axes           | 3 4 5 |  5.8
Armour         | 4 |  4.5
Shields        | 4 |  4.1
Fighting       | |  3.6

Action                   |  1- 3 |  4- 6 || total
-------------------------+-------+-------++-------
Melee: War axe           |   110 |    96 ||   206
  Use: Scroll            |       |     5 ||     5
       Potion            |       |     1 ||     1
Armor: Scale mail        |    71 |    47 ||   118
Dodge: Dodged            |    69 |    48 ||   117
Block: Buckler           |    22 |    22 ||    44
       Kite shield       |       |    15 ||    15

Table legend: (Time is in decaauts)
 A = Elapsed time spent in this place.
 B = Non-inter-level travel time spent in this place.
 C = Inter-level travel time spent in this place.
 D = Time resting spent in this place.
 E = Time spent auto-exploring this place.
 F = Levels seen in this place.
 G = Mean time per level.
                   A        B        C        D        E       F      G
               +--------+--------+--------+--------+--------+-----+--------+
         Total |   3470 |   3364 |    106 |    322 |   2541 |   4 |  867.5 |
       Dungeon |   3470 |   3364 |    106 |    322 |   2541 |   4 |  867.5 |
               +--------+--------+--------+--------+--------+-----+--------+

Top non-repeatable levels by time:
     D:3: 1253 daAuts
     D:1: 1220 daAuts
     D:2: 974 daAuts
     D:4: 22 daAuts
